Map: Dusk Towers

Players

EJK - Winner!

  • Race: Terran Terran
  • League: Grandmaster

IIIIIIIIIIII

  • Race: Protoss Protoss

VOD

Have the link to the VOD?

Description

Time

  • Played on: Dec. 30, 2015, 7:29 p.m.
  • Length: 23:13
Show
View Real Time Build Order
Export as new Build Order

EJK Terran - Winner!

Build Orders: Mech 

Get SALT Encoding   

  12  0:01  SCV  
  13  0:13  SCV  
  14  0:22  Supply Depot  
  14  0:25  SCV  
  15  0:44  SCV  
  15  0:45  Barracks  
  16  0:50  Barracks  
  16  0:56  SCV  
  17  1:08  SCV  
  18  1:20  SCV  
  19  1:33  Marine, Orbital Command  
  20  1:44  Supply Depot  
  20  1:48  Command Center  
  20  1:54  Marine x2  
  20  1:58  SCV  
  23  2:07  Refinery  
  23  2:08  Refinery  
  23  2:11  SCV  
  23  2:15  Marine x2  
  26  2:23  SCV  
  26  2:25  Supply Depot  
  27  2:33  Marine x2  
  27  2:35  SCV  
  30  2:47  SCV  
  30  2:51  Marine x2  
  31  2:53  Factory  
  33  2:59  SCV  
  33  3:04  Orbital Command  
  34  3:11  SCV  
  35  3:15  Factory  
  35  3:23  SCV  
  35  3:24  Marine x2  
  38  3:30  SCV  
  39  3:35  SCV  
  39  3:40  Factory Tech Lab  
  40  3:42  SCV, Marine x2  
  40  3:47  SCV  
  44  3:50  Supply Depot  
  44  3:58  SCV  
  44  3:59  SCV, Cyclone  
  44  4:00  Factory Tech Lab  
  47  4:10  SCV  
  47  4:12  SCV  
  47  4:15  Command Center  
  49  4:24  SCV x2, Refinery  
  51  4:25  Refinery  
  51  4:26  Siege Tank  
  54  4:32  Siege Tank  
  54  4:37  SCV x2  
  59  4:44  Supply Depot  
  59  4:47  Marine x2  
  59  4:49  SCV  
  62  4:58  Supply Depot  
  62  5:06  SCV x2, Siege Tank  
  67  5:13  Siege Tank  
  70  5:19  SCV x2, Marine x2  
  70  5:20  Supply Depot  
  70  5:21  Supply Depot  
  74  5:30  Engineering Bay  
  74  5:31  Orbital Command  
  74  5:32  SCV x2  
  76  5:38  Marine x2  
  76  5:39  Siege Tank  
  81  5:45  SCV, Siege Tank  
  81  5:46  SCV  
  85  6:06  SCV x2, Starport  
  85  6:07  Orbital Command  
  85  6:08  Supply Depot  
  85  6:11  Siege Tank  
  90  6:16  Missile Turret x2  
  90  6:17  Siege Tank  
  93  6:22  SCV x2  
  93  6:23  Marine x2  
  97  6:33  Liberator  
  97  6:38  Armory  
  97  6:39  SCV x3  
  100  6:45  Siege Tank  
  102  6:49  Siege Tank  
  104  6:58  SCV x3  
  104  6:59  Refinery  
  106  7:04  Refinery  
  106  7:08  Supply Depot  
  106  7:09  Supply Depot  
  106  7:14  SCV x2  
  106  7:15  SCV  
  109  7:18  Hellion, Liberator  
  109  7:22  Hellion  
  113  7:26  SCV, Missile Turret  
  113  7:27  SCV x2, Terran Vehicle Weapons Level 1  
  116  7:33  Factory  
  116  7:35  Factory  
  119  7:39  Siege Tank  
  119  7:42  SCV x2  
  123  7:47  SCV  
  121  7:54  SCV x2  
  121  7:57  Command Center  
  120  7:59  SCV  
  116  8:06  SCV, Siege Tank  
  116  8:07  SCV  
  116  8:11  Supply Depot, Siege Tank  
  124  8:13  SCV  
  124  8:18  SCV  
  126  8:20  SCV  
  126  8:23  Starport  
  126  8:25  SCV  
  126  8:26  Starport  
  128  8:29  Starport Reactor  
  128  8:31  SCV  
  128  8:33  Fusion Core  
  129  8:36  SCV  
  129  8:37  SCV  
  129  8:40  Hellion x2  
  135  8:43  SCV, Siege Tank  
  139  8:51  SCV x2, Liberator x2  
  139  8:54  Supply Depot  
  141  9:02  Starport Tech Lab x2  
  141  9:08  SCV, Siege Tank  
  151  9:10  Missile Turret  
  151  9:11  Missile Turret  
  151  9:14  Missile Turret  
  151  9:16  Missile Turret x2  
  151  9:23  Terran Vehicle And Ship Armor Level 1  
  143  9:36  Liberator x2  
  143  9:38  SCV x3, Liberator x2  
  146  9:39  Command Center  
  146  9:46  Refinery  
  146  9:48  Refinery  
  146  9:52  Hi-Sec Auto Tracking  
  146  9:54  Advanced Ballistics  
  146  9:56  Missile Turret  
  158  10:00  SCV x2  
  158  10:01  SCV  
  158  10:05  Planetary Fortress  
  161  10:12  SCV  
  161  10:13  SCV x2  
  164  10:15  Factory Tech Lab, Factory Reactor  
  164  10:23  Supply Depot  
  164  10:25  SCV, Supply Depot  
  164  10:26  SCV  
  164  10:35  Sensor Tower  
  164  10:36  Liberator x2  
  164  10:37  Starport, Liberator x2  
  164  10:43  SCV, Starport  
  164  10:45  SCV x3  
  166  10:50  Refinery  
  178  10:59  Command Center  
  178  11:07  Command Center  
  178  11:17  Terran Vehicle And Ship Armor Level 2  
  178  11:18  Armory, Sensor Tower  
  178  11:35  Planetary Fortress, Bunker  
  178  11:38  Bunker  
  178  11:39  Supply Depot  
  177  11:40  Supply Depot  
  174  11:51  Refinery  
  174  11:53  Refinery  
  174  11:54  Viking x4, Missile Turret x2  
  174  11:55  Missile Turret x2  
  174  11:56  Bunker, Starport Tech Lab x2  
  174  11:57  Missile Turret  
  174  11:59  Missile Turret  
  182  12:01  Missile Turret  
  182  12:05  Mag-Field Accelerator  
  182  12:18  Orbital Command  
  182  12:19  Orbital Command  
  182  12:25  Raven  
  182  12:26  Viking, Raven  
  182  12:27  Viking  
  182  12:28  Raven  
  192  12:31  Command Center  
  192  12:49  Missile Turret  
  192  12:59  Command Center  
  192  13:01  Command Center  
  192  13:10  Barracks Tech Lab, Ghost Academy  
  192  13:11  Barracks Tech Lab  
  192  13:21  Command Center  
  192  13:23  Command Center  
  192  13:24  Behemoth Reactor  
  192  13:34  Terran Ship Weapons Level 1  
  188  13:44  Ghost x2  
  190  13:55  Starport, Building Armor  
  190  13:59  Starport  
  190  14:00  Battlecruiser  
  193  14:17  Orbital Command  
  193  14:21  Weapon Refit  
  183  14:27  Battlecruiser  
  183  14:28  Battlecruiser x2, Ghost x2  
  197  14:44  Orbital Command x2  
  197  14:52  Missile Turret  
  197  14:55  Terran Vehicle And Ship Armor Level 3, Refinery  
  197  14:59  Refinery  
  197  15:09  Missile Turret  
  197  15:10  Missile Turret  
  197  15:11  Missile Turret  
  197  15:12  Missile Turret  
  191  15:34  Battlecruiser  
  197  15:47  Liberator  
  197  15:52  Command Center  
  197  15:53  Command Center  
  197  15:55  Terran Ship Weapons Level 2  
  200  16:05  Liberator  
  200  16:07  Orbital Command  
  180  16:21  Battlecruiser x3  
  199  16:33  SCV  
  199  16:36  Refinery  
  200  16:40  Refinery  
  200  16:58  Missile Turret  
  200  16:59  Missile Turret  
  200  17:00  Missile Turret  
  200  17:04  Missile Turret  
  200  17:05  Viking  
  200  17:25  Orbital Command  
  200  17:28  Command Center  
  200  18:02  Missile Turret x2  
  200  18:03  Cyclone, Missile Turret  
  191  18:21  Battlecruiser  
  191  18:23  Cyclone  
  191  18:24  Cyclone  
  197  18:35  Cyclone  
  197  18:39  Command Center  
  197  18:58  Refinery  
  194  19:08  Refinery  
  194  19:18  Cyclone x2  
  194  19:20  Refinery  
  200  19:31  Planetary Fortress  
  200  19:35  Missile Turret  
  200  19:36  Missile Turret  
  200  19:37  Missile Turret  
  200  19:49  Terran Vehicle Weapons Level 2, Terran Ship Weapons Level 3  
  200  19:55  Sensor Tower  
  167  20:21  Cyclone  
  167  20:22  Cyclone x2, Hellion x2  
  158  20:38  Battlecruiser x3  
  158  20:39  Viking x3  
  180  20:44  Hellion  
  182  20:59  Command Center  
  182  21:02  Cyclone x3  
  182  21:03  Hellion  
  192  21:05  Hellion  
  191  21:11  Refinery  
  191  21:12  Missile Turret  
  182  21:24  Hellion  
  182  21:26  Hellion  
  182  21:30  Missile Turret  
  182  21:32  Refinery  
  179  21:34  Cyclone x3  
  179  21:36  Missile Turret  
  179  21:37  Missile Turret  
  188  21:46  Battlecruiser x2  
  188  22:06  Cyclone x3  
  191  22:15  Ghost x2  
  191  22:31  Command Center  
  191  22:33  Orbital Command  
  191  22:43  Ghost x2  
Show
View Real Time Build Order
Export as new Build Order

IIIIIIIIIIII Protoss 

Build Orders: 1 Gate Expand, Double Forge, Blink Stalkers 

Get SALT Encoding   

  12  0:01  Probe (Chrono Boost)  
  13  0:11  Probe (Chrono Boost)  
  14  0:18  Pylon  
  14  0:22  Probe (Chrono Boost)  
  15  0:37  Probe (Chrono Boost)  
  15  0:38  Gateway  
  16  0:47  Probe (Chrono Boost)  
  16  0:48  Assimilator  
  17  0:58  Probe (Chrono Boost)  
  18  1:08  Probe (Chrono Boost)  
  19  1:23  Nexus  
  19  1:36  Cybernetics Core  
  19  1:38  Probe (Chrono Boost)  
  20  1:47  Assimilator  
  20  1:48  Probe (Chrono Boost)  
  21  1:56  Pylon  
  21  1:59  Probe (Chrono Boost)  
  22  2:14  Stalker  
  26  2:15  Mothership Core (Chrono Boost)  
  26  2:18  Warp Gate  
  26  2:34  Probe (Chrono Boost)  
  27  2:37  Twilight Council  
  27  2:41  Probe (Chrono Boost)  
  28  2:44  Probe (Chrono Boost)  
  28  2:47  Stalker  
  31  2:51  Probe (Chrono Boost)  
  31  2:55  Probe (Chrono Boost)  
  33  3:05  Robotics Facility  
  33  3:09  Probe (Chrono Boost)  
  33  3:10  Probe (Chrono Boost)  
  35  3:20  Probe (Chrono Boost)  
  36  3:29  Probe (Chrono Boost)  
  36  3:34  Probe (Chrono Boost)  
  38  3:35  Blink (Chrono Boost)  
  38  3:39  Probe  
  38  3:40  Assimilator  
  39  3:45  Probe  
  40  3:54  Probe, Observer  
  41  4:00  Probe  
  43  4:09  Probe  
  44  4:24  Pylon  
  44  4:30  Gateway  
  44  4:31  Probe  
  45  4:32  Gateway x2  
  45  4:34  Gateway  
  45  4:36  Gateway, Probe  
  46  4:42  Warp Prism  
  46  4:43  Probe, Assimilator  
  46  4:45  Forge x2  
  49  4:47  Probe  
  50  4:55  Probe  
  50  4:59  Pylon  
  51  5:03  Probe  
  52  5:12  Probe  
  53  5:14  Probe  
  53  5:19  Protoss Ground Weapons Level 1 (Chrono Boost), Protoss Ground Armor Level 1 (Chrono Boost)  
  54  5:24  Probe  
  55  5:34  Nexus  
  55  5:38  Adept  
  55  5:41  Adept x2  
  61  5:50  Probe  
  61  5:54  Probe  
  61  5:55  Pylon  
  61  6:06  Probe  
  61  6:08  Pylon  
  61  6:10  Pylon  
  62  6:11  Pylon  
  62  6:12  Resonating Glaives (Chrono Boost)  
  62  6:15  Stalker x4, Pylon  
  70  6:29  Immortal  
  73  6:35  Probe x2, Robotics Bay  
  75  6:41  Assimilator  
  76  6:47  Probe  
  76  6:50  Probe  
  75  6:56  Probe  
  75  6:59  Probe  
  71  7:03  Probe  
  71  7:05  Robotics Facility  
  72  7:09  Immortal  
  76  7:16  Protoss Ground Armor Level 2 (Chrono Boost), Protoss Ground Weapons Level 2 (Chrono Boost)  
  76  7:17  Adept x3  
  76  7:19  Probe  
  76  7:22  Adept  
  85  7:24  Probe  
  85  7:27  Probe  
  87  7:31  Assimilator  
  87  7:32  Probe  
  86  7:47  Disruptor  
  89  7:57  Probe  
  88  8:01  Disruptor  
  88  8:03  Probe  
  86  8:09  Gateway  
  86  8:10  Gateway  
  86  8:11  Gateway, Pylon  
  86  8:12  Adept  
  86  8:13  Adept x4  
  86  8:14  Adept  
  86  8:16  Gateway, Probe  
  86  8:17  Probe x2  
  101  8:23  Disruptor  
  104  8:29  Probe  
  104  8:30  Probe  
  106  8:36  Disruptor  
  106  8:38  Probe  
  110  8:43  Nexus  
  110  8:44  Stalker x3  
  110  8:45  Stalker  
  118  8:49  Stalker  
  118  8:51  Stalker  
  122  9:23  Pylon  
  122  9:24  Pylon x3  
  122  9:25  Immortal  
  122  9:26  Pylon  
  122  9:27  Pylon  
  122  9:40  Protoss Ground Armor Level 3 (Chrono Boost)  
  122  9:41  Protoss Ground Weapons Level 3 (Chrono Boost), Immortal  
  126  9:57  Stargate  
  126  9:58  Probe x2  
  126  9:59  Stargate  
  128  10:04  Probe  
  129  10:08  Warp Prism  
  129  10:11  Probe  
  132  10:14  Probe, Pylon  
  132  10:15  Pylon x2  
  132  10:16  Assimilator  
  132  10:18  Assimilator  
  133  10:50  Void Ray x2  
  141  10:59  Probe  
  142  11:08  Immortal x2  
  150  11:13  Adept x3  
  150  11:16  Charge  
  156  11:19  Probe  
  156  11:24  Gateway  
  157  11:25  Gateway  
  157  11:28  Gateway  
  157  11:40  Void Ray x2  
  157  12:07  Fleet Beacon  
  157  12:10  Nexus  
  157  12:12  Pylon, Warp Prism  
  157  12:13  Stalker x4  
  157  12:14  Stalker x4, Pylon  
  157  12:15  Stalker x2  
  179  12:22  Pylon  
  179  12:32  Void Ray x2  
  179  13:15  Tempest x2  
  187  13:28  Stalker x6  
  199  13:40  Probe  
  200  13:58  Stargate  
  200  13:59  Robotics Facility  
  200  14:01  Stargate, Assimilator  
  200  14:04  Assimilator  
  180  14:28  Stalker  
  172  14:41  Tempest x2  
  180  14:45  Tempest  
  180  14:46  Tempest  
  182  15:32  Templar Archives  
  176  15:41  Void Ray x3  
  176  15:42  Void Ray  
  192  15:56  Nexus  
  192  15:58  Pylon  
  192  16:00  Pylon  
  192  16:01  Pylon  
  180  16:11  Gateway  
  180  16:13  Gateway  
  180  16:15  Gateway  
  180  16:17  Gateway  
  156  16:19  Gateway  
  156  16:20  Gateway  
  156  16:22  Gateway  
  156  16:24  Stalker x4, Pylon  
  156  16:25  Stalker x7  
  172  16:29  Void Ray x3  
  186  16:34  Immortal x2  
  186  16:39  Psionic Storm  
  184  17:10  Tempest  
  184  17:12  Tempest  
  192  17:23  High Templar x2  
  192  17:24  High Templar x2  
  200  17:47  Assimilator  
  200  17:51  Assimilator  
  188  18:01  Tempest x3  
  142  18:29  Stalker x6  
  142  18:30  Stalker x5  
  142  18:31  Stalker x3  
  142  18:32  Stalker x2  
  142  18:33  Stalker x2  
  146  19:07  Tempest x4  
  156  19:14  Dark Shrine  
  156  19:22  Protoss Shields Level 1 (Chrono Boost), Protoss Air Weapons Level 1  
  156  19:25  Stalker x2  
  156  19:26  Stalker x3  
  156  19:27  Stalker x2  
  156  19:28  Stalker x4  
  156  19:29  Stalker x3  
  156  19:30  Stalker x2  
  188  19:50  Tempest x2  
  168  20:26  Tempest x2  
  156  20:33  Tempest  
  154  20:37  Tempest  
  110  21:36  Zealot x5  
  110  21:37  Zealot x8  
  110  21:38  Zealot x5  
  110  21:39  Zealot x2  
  132  22:04  Tempest x4  
  128  22:18  Nexus  
  128  22:22  Pylon x2  
  128  22:25  Assimilator  
  128  22:26  Assimilator  
  128  22:29  High Templar x3  
  134  22:30  High Templar x4  
  134  22:31  High Templar x2  
  134  22:33  High Templar  
Tags
 
Add a new tag
Caveats
  • Supply blocks, unpowered buildings, or Contaminate may cause inaccurate times.
  • Supply counts are checked every 10 seconds.